 Dungeon Crawl Stone Soup version 0.23-a0-143-g1adec7b (webtiles) character file.

12917 galech the Cleaver (level 11, -6/91 HPs)
             Began as a Demonspawn Monk on Sept 3, 2018.
             Was a High Priest of Okawaru.
             Mangled by an orc warrior
             ... wielding a +0 halberd
             ... led by an orc warlord
              (16 damage)
             ... on level 2 of the Orcish Mines.
             The game lasted 00:17:14 (11443 turns).

galech the Cleaver (Demonspawn Monk)               Turns: 11443, Time: 00:17:14

Health: -6/91      AC: 19    Str: 11    XL:     11   Next: 68%
Magic:  0/12       EV: 18    Int: 17    God:    Okawaru [*****.]
Gold:   900        SH:  4    Dex: 21    Spells: 10/10 levels left

rFire    + . .     SeeInvis .   K - +5 executioner's axe of the Endless Expanse {pain, *Noise rC+ Int+6 Dex-5}
rCold    + . .     Gourm    .   (shield currently unavailable)
rNeg     . . .     Faith    .   s - +5 ring mail
rPois    +         Spirit   +   z - +0 helmet
rElec    .         Reflect  +   (no cloak)
rCorr    .         Harm     .   t - +0 pair of gloves
MR       .....                  C - +0 pair of boots
Stlth    ++++......             h - amulet "Koefameh" {Reflect Dex+6 SH+4}
HPRegen  0.25/turn              d - ring of protection from fire
MPRegen  0.26/turn              p - ring of poison resistance

@: heroism
A: hooves 1, rugged brown scales 2, spiny 2, magic shield, magic regeneration
a: Heroism, Finesse, Renounce Religion


You were on level 2 of the Orcish Mines.
You worshipped Okawaru.
Okawaru was extremely pleased with you.
You were hungry.

You visited 3 branches of the dungeon, and saw 13 of its levels.
You also visited: Ossuary.

You collected 900 gold pieces.

Inventory:

Hand Weapons
 i - a +1 war axe
 E - a +4 war axe
 K - the +5 executioner's axe of the Endless Expanse (weapon) {pain, *Noise rC+ Int+6 Dex-5}
   (Okawaru gifted it to you on level 10 of the Dungeon)

   In the hands of one skilled in necromantic magic, it inflicts extra damage on
   living creatures.
   It affects your intelligence (+6).
   It affects your dexterity (-5).
   It protects you from cold.
   It may make noises in combat.
Armour
 s - a +5 ring mail (worn)
 t - a +0 pair of gloves (worn)
 z - a +0 helmet (worn)
 C - a +0 pair of boots (worn)
Jewellery
 a - an uncursed ring of fire
 d - a ring of protection from fire (left hand)
 h - the amulet "Koefameh" (around neck) {Reflect Dex+6 SH+4}
   (You acquired it on level 8 of the Dungeon)

   [amulet of reflection]

   It shields you and reflects attacks.
   It affects your dexterity (+6).
   It affects your SH (+4).
 o - an uncursed amulet of regeneration
 p - a ring of poison resistance (right hand)
 D - an uncursed ring of positive energy
Wands
 q - a wand of flame (11)
 y - a wand of polymorph (14)
 J - a wand of iceblast (10)
Scrolls
 b - 2 scrolls of remove curse
 e - 3 scrolls of fear
 j - 4 scrolls of identify {unknown}
 u - 3 scrolls of immolation {unknown}
 A - a scroll of noise {unknown}
 B - a scroll of enchant weapon
 F - a scroll of blinking
 G - a scroll of teleportation
 H - a scroll of enchant armour
Potions
 f - 2 potions of ambrosia {unknown}
 g - a potion of invisibility {unknown}
 k - a potion of haste
 l - a potion of berserk rage {unknown}
 m - 3 potions of curing {unknown}
 n - a potion of cancellation {unknown}
 r - 3 potions of resistance {unknown}
 v - a potion of experience {unknown}
 w - 14 potions of degeneration
 x - 3 potions of mutation {unknown}
Comestibles
 c - 18 rations
 I - 4 chunks of flesh


   Skills:
 + Level 8.7(13.7) Fighting
 + Level 12.6(17.6) Axes
 + Level 6.7(11.7) Armour
 + Level 5.4(10.4) Dodging
 + Level 4.7(9.7) Stealth
 + Level 2.0 Invocations


You had 10 spell levels left.
You didn't know any spells.
Your spell library contained the following spells:

 Spells                   Type           Power        Failure   Level  Hunger
 Animate Skeleton         Necr           N/A          41%         1    ##.....
 Apportation              Tloc           #.....       41%         1    ##.....
 Confusing Touch          Hex            #.....       41%         1    ##.....
 Summon Small Mammal      Summ           #...         41%         1    ##.....
 Poisonous Vapours        Pois/Air       #.....       56%         2    ###....
 Conjure Flame            Conj/Fire      #.......     80%         3    ####...
 Mephitic Cloud           Conj/Pois/Air  #.......     80%         3    ####...
 Freezing Cloud           Conj/Ice/Air   #.........   100%        6    #######
 Ring of Flames           Chrm/Fire      #.........   100%        7    #######


Dungeon Overview and Level Annotations

Branches:
Dungeon (10/15)            Temple (1/1) D:7            Lair (0/6) D:8
    Orc (2/2) D:10
    Elf: Orc:2

Altars:
Ashenzari
Cheibriados
Dithmenos
Elyvilon
Fedhas
Gozag
Hepliaklqana
Kikubaaqudgha
Makhleb
Nemelex Xobeh
Okawaru
Qazlal
Ru
Sif Muna
Trog
Uskayaw
Vehumet
Wu Jian
Xom
Yredelemnul
Zin
The Shining One

Shops:
D:6 :   Orc:1 [

Annotations:
D:9 3 runed doors, chonchonts's ghost, novice DsAK


Innate Abilities, Weirdness & Mutations

You have large cloven feet.
You are mostly covered in rugged brown scales. (AC +2, +5% HP)
You are mostly covered in sharp spines.
When hurt, damage is shared between your health and your magic reserves.
You regenerate magic rapidly.


Message History

You block the orc warrior's attack. You block the ettin's attack.
The ettin completely misses you. You block the orc warrior's attack.
The orc warrior closely misses you.
Unknown command.
You are feeling hungry.
You slice the ettin!!
You kill the ettin!
Okawaru is honoured by your kill. Something appears at your feet!
Okawaru grants you a weapon!
Your Invocations skill increases to level 2!
You barely miss the orc warrior.
The orc warrior is struck by your spines.
The orc warrior hits you but does no damage. x3
The orc warrior completely misses you. The orc warrior completely misses you.
The orc warrior hits you from afar with a halberd of chopping.
* * * LOW HITPOINT WARNING * * *
x2 The orc warrior hits you from afar with a halberd!
You die...

##.o#.o...##..
#...o....##....
##..C....#....o
####.o.<........
###.##o...........
##.g..C............
#ooo..o............
##o##.)............
##@##(##...........
##)o)[).(.(.........
#....#..............
##....##......##....
###.##.......#.....
#####...#.###....
####### #####


You could see 4 orc warriors, a gnoll and an orc.

Vanquished Creatures
  An ettin (Orc:2)
  Erolcha (D:10)
  3 death yaks (D:8)
  2 orc knights
  2 cyclopes
  A komodo dragon (D:10)
  2 trolls
  Prince Ribbit (D:6)
  A hippogriff (D:8)
  A spriggan (D:7)
  4 yaks (D:9)
  A wraith (D:10)
  2 steam dragons (D:10)
  A hungry ghost (D:8)
  A warg (Orc:1)
  A water moccasin (D:7)
  A swamp drake (D:10)
  A porcupine (D:8)
  2 ice beasts
  7 orc warriors
  2 black bears (D:8)
  10 ogres
  3 phantoms
  4 centaurs
  5 bullfrogs
  A big kobold (D:9)
  Blork the orc (D:5)
  A water moccasin zombie (D:9)
  3 scorpions
  5 wights (D:9)
  3 killer bees (D:10)
  2 howler monkeys (D:7)
  2 electric eels (D:10)
  4 crimson imps
  A centaur zombie (Ossuary)
  4 hounds
  A jelly (D:8)
  A quasit (D:10)
  6 orc priests
  2 iguanas
  16 orc wizards
  A hell rat (D:8)
  7 worker ants
  2 big kobold zombies (Ossuary)
  A hound skeleton (D:5)
  6 mummies (Ossuary)
  4 gnolls (D:10)
  3 adders
  2 river rats (D:8)
  A shadow imp (D:6)
  2 adder skeletons
  3 worms (D:2)
  2 dart slugs
  5 leopard geckos
  45 orcs
  8 giant cockroaches
  10 goblins
  15 hobgoblins
  4 jackals (D:2)
  15 kobolds
  5 quokkas
  6 bats
  6 frilled lizards
  2 gnoll zombies (Ossuary)
  A goblin zombie (Ossuary)
  A hobgoblin zombie (Ossuary)
  A kobold zombie (Ossuary)
  11 rats
282 creatures vanquished.

Notes
Turn   | Place    | Note
-------+----------+-------------------------------------------
     0 | D:1      | galech the Demonspawn Monk began the quest for the Orb.
     0 | D:1      | Reached XP level 1. HP: 18/18 MP: 1/1
   137 | D:1      | Reached skill level 3 in Axes
   143 | D:1      | Gained mutation: You are partially covered in sharp spines.
                  | [demonic ancestry]
   143 | D:1      | Reached XP level 2. HP: 15/24 MP: 2/2
   681 | D:1      | Reached XP level 3. HP: 25/29 MP: 3/3
  1581 | D:2      | Found an ornate altar of the Wu Jian Council.
  1646 | D:2      | Reached skill level 1 in Armour
  1917 | D:2      | Found a burning altar of Makhleb.
  1929 | D:2      | Reached XP level 4. HP: 27/35 MP: 4/4
  2191 | D:2      | Found a blossoming altar of Fedhas.
  2744 | D:3      | Reached skill level 4 in Axes
  2744 | D:3      | Gained mutation: When hurt, damage is shared between your
                  | health and your magic reserves. [demonic ancestry]
  2744 | D:3      | Reached XP level 5. HP: 26/41 MP: 5/5
  3098 | D:3      | Found a stormy altar of Qazlal.
  3474 | D:4      | Noticed an ogre
  3483 | D:4      | Killed an ogre
  3483 | D:4      | Gained mutation: You are partially covered in rugged brown
                  | scales. (AC +1, +3% HP) [demonic ancestry]
  3483 | D:4      | Reached XP level 6. HP: 16/49 MP: 2/6
  4081 | D:3      | Found a deep blue altar of Sif Muna.
  4081 | D:3      | Found a snail-covered altar of Cheibriados.
  4081 | D:3      | Found a sparkling altar of Nemelex Xobeh.
  4181 | D:5      | Entered Level 5 of the Dungeon
  4183 | D:5      | Found a shadowy altar of Dithmenos.
  4214 | D:5      | Reached skill level 5 in Axes
  4225 | D:5      | Gained mutation: You regenerate magic rapidly. [demonic
                  | ancestry]
  4225 | D:5      | Reached XP level 7. HP: 22/55 MP: 3/7
  4970 | D:5      | Noticed Blork the orc
  4982 | D:5      | Killed Blork the orc
  5455 | D:6      | Reached skill level 6 in Axes
  5556 | D:6      | Found Fenodisi's Book Boutique.
  5573 | D:6      | Reached skill level 5 in Fighting
  5588 | D:6      | Reached XP level 8. HP: 63/63 MP: 8/8
  5995 | D:6      | Noticed Prince Ribbit
  6010 | D:6      | Killed Prince Ribbit
  6136 | D:7      | Found a staircase to the Ecumenical Temple.
  6147 | Temple   | Entered the Ecumenical Temple
  6200 | Temple   | Became a worshipper of Warmaster Okawaru
  6200 | Temple   | Reached * piety under Okawaru
  6200 | Temple   | Reached ** piety under Okawaru
  6330 | D:7      | Found a white marble altar of Elyvilon.
  6407 | D:7      | Reached skill level 7 in Axes
  6461 | D:7      | Reached skill level 5 in Armour
  6565 | D:7      | Found a basalt altar of Yredelemnul.
  6602 | D:7      | Found a glowing golden altar of the Shining One.
  6960 | D:8      | Found a staircase to the Lair.
  6960 | D:8      | Noticed a death yak
  6960 | D:8      | Noticed a death yak
  6960 | D:8      | Noticed a death yak
  7002 | D:8      | Identified a scroll of acquirement
  7005 | D:8      | Got a twitching emerald amulet
  7007 | D:8      | Identified the amulet "Koefameh" {Reflect Dex+6 SH+4} (You
                  | acquired it on level 8 of the Dungeon)
  7038 | D:8      | Reached skill level 8 in Axes
  7038 | D:8      | Gained mutation: You are mostly covered in sharp spines.
                  | [demonic ancestry]
  7038 | D:8      | Reached XP level 9. HP: 57/70 MP: 6/9
  7166 | D:8      | Found a sand-covered staircase.
  7214 | Ossuary  | Entered an ossuary
  7326 | Ossuary  | Reached *** piety under Okawaru
  7562 | D:9      | Noticed a troll
  7571 | D:9      | Killed a troll
  7571 | D:9      | Reached skill level 9 in Axes
  7940 | D:9      | Reached skill level 1 in Invocations
  8212 | D:9      | Reached **** piety under Okawaru
  8215 | D:9      | Gained mutation: You have large cloven feet. [demonic
                  | ancestry]
  8215 | D:9      | Reached XP level 10. HP: 66/79 MP: 8/11
  8438 | D:9      | Found a runed gate.
  8438 | D:9      | Found a runed gate.
  8438 | D:9      | Found a runed gate.
  8442 | D:9      | Noticed a spectral centaur warrior
  8446 | D:9      | Noticed chonchonts's ghost (novice DsAK)
  8446 | D:9      | Noticed a spectral centaur warrior
  8573 | D:8      | Reached skill level 10 in Axes
  8824 | D:8      | Killed a death yak
  8966 | D:8      | Killed a death yak
  8979 | D:8      | Killed a death yak
  9382 | D:8      | Reached skill level 11 in Axes
  9658 | D:10     | Entered Level 10 of the Dungeon
  9717 | D:10     | Reached ***** piety under Okawaru
  9829 | D:10     | Reached skill level 5 in Dodging
 10216 | D:10     | Gained mutation: You are mostly covered in rugged brown
                  | scales. (AC +2, +5% HP) [demonic ancestry]
 10216 | D:10     | Reached XP level 11. HP: 68/90 MP: 10/12
 10343 | D:10     | Found a staircase to the Orcish Mines.
 10637 | D:10     | Noticed Erolcha
 10649 | D:10     | Killed Erolcha
 10649 | D:10     | Received a gift from Okawaru
 10653 | D:10     | Got a translucent executioner's axe {god gift}
 10655 | D:10     | Identified the +5 executioner's axe of the Endless Expanse
                  | {pain, *Noise rC+ Int+6 Dex-5} (Okawaru gifted it to you on
                  | level 10 of the Dungeon)
 10853 | Orc:1    | Entered Level 1 of the Orcish Mines
 10923 | Orc:1    | Noticed an orc knight
 10926 | Orc:1    | Found Jaopud's Armour Shop.
 10932 | Orc:1    | Killed an orc knight
 10932 | Orc:1    | Reached skill level 12 in Axes
 11196 | Orc:2    | Entered Level 2 of the Orcish Mines
 11212 | Orc:2    | Noticed an orc knight
 11238 | Orc:2    | Killed an orc knight
 11250 | Orc:2    | Received a gift from Okawaru
 11408 | Orc:2    | Noticed an ettin
 11442 | Orc:2    | Killed an ettin
 11442 | Orc:2    | Received a gift from Okawaru
 11443 | Orc:2    | Mangled by an orc warrior

Vault maps used:
D:1:      dpeg_arrival_rooms_c
D:2:      marbit_many_paths, lemuel_crystal_altar, minmay_misc_feat_cross,
          bloody_makhleb
D:3:      nicolae_overflow_hidden_temple
D:4:      first_ration
D:5:      minmay_statues_item, grunt_dithmenos_smoke_and_mirrors,
          uniq_blork_the_orc
D:6:      serial_shops, shop, uniq_prince_ribbit1
D:7:      kennysheep_ying_yang, tso_oasis_becter, minmay_temple_entry_crystal_x,
          the_bakery
D:8:      kennysheep_six_static_rooms, dpeg_lair_monsters,
          nicolae_ossuary_entry_ruins
D:9:      gammafunk_ghost_necromancy
D:10:     erik_orc_1, uniq_erolcha
Temple:   dshaligram_water_room_temple
Orc:1:    serial_shops, nicolae_shop_stone, basic_altar, uniq_snorg
Orc:2:    grunt_orc_cross, nooodl_orcs_dogs
Ossuary:  ossuary_crypta

Skill      XL: |  1  2  3  4  5  6  7  8  9 10 11 |
---------------+----------------------------------+-----
Axes           | 3 4 5 6 8 9 11 12 | 12.6
Dodging        | 3 4 5 |  5.4
Armour         | 1 2 3 4 5 6 |  6.7
Stealth        | 2 3 4 |  4.7
Fighting       | 4 5 6 7 8 |  8.7
Invocations    | 1 2 |  2.0

Action                   |  1- 3 |  4- 6 |  7- 9 | 10-12 || total
-------------------------+-------+-------+-------+-------++-------
Melee: Hand axe          |   147 |   102 |       |       ||   249
       War axe           |       |    16 |   290 |   208 ||   514
       Punch             |       |       |       |     4 ||     4
       Executioner's axe |       |       |       |    57 ||    57
Invok: Heroism           |       |       |     3 |     5 ||     8
  Use: Scroll            |       |       |     9 |     1 ||    10
 Stab: Sleeping          |     3 |       |     4 |     8 ||    15
       Distracted        |       |       |       |     3 ||     3
  Eat: Chunk             |     3 |     8 |    12 |     9 ||    32
       Ration            |       |       |       |     1 ||     1
Armor: Ring mail         |    34 |       |    80 |    69 ||   183
       Robe              |     3 |       |       |       ||     3
       Chain mail        |       |    84 |    34 |       ||   118
Dodge: Dodged            |    85 |    39 |   146 |   128 ||   398
Block: Other             |       |       |    27 |    41 ||    68
       Reflection        |       |       |     1 |     3 ||     4

Table legend:
 A = Non-vault XP
 B = Vault XP
 C = Vault XP percentage of total XP
 D = Non-vault monster count
 E = Vault monster count
 F = Vault count percentage of total count
                 A         B        C        D         E       F
            +---------+---------+-------+---------+---------+-------
      Total |   12596 |    5858 |  31.7 |     232 |      50 |  17.7
            +---------+---------+-------+---------+---------+-------
        D:1 |      51 |       0 |   0.0 |      30 |       0 |   0.0
        D:2 |      52 |       1 |   1.9 |      26 |       1 |   3.7
        D:3 |     194 |       0 |   0.0 |      32 |       0 |   0.0
        D:4 |     236 |       0 |   0.0 |       7 |       0 |   0.0
        D:5 |     686 |      90 |  11.6 |      23 |       1 |   4.2
        D:6 |     248 |     274 |  52.5 |       6 |       1 |  14.3
        D:7 |     582 |     224 |  27.8 |      11 |       1 |   8.3
        D:8 |    1244 |    3334 |  72.8 |      15 |      13 |  46.4
        D:9 |    2116 |       0 |   0.0 |      27 |       0 |   0.0
       D:10 |    2168 |    1597 |  42.4 |      26 |      18 |  40.9
      Orc:1 |    2256 |       0 |   0.0 |      20 |       0 |   0.0
      Orc:2 |    2763 |     130 |   4.5 |       9 |       1 |  10.0
    Ossuary |       0 |     208 | 100.0 |       0 |      14 | 100.0
            +---------+---------+-------+---------+---------+-------
